 Dungeon Crawl Stone Soup version 0.22.1-2-g9c5b331383 (webtiles) character file.

165 Gargoyl the Skirmisher (level 5, -2/45 HPs)
             Began as a Centaur Abyssal Knight on Dec 11, 2018.
             Was a Believer of Lugonu.
             Slain by an orc
             ... wielding a +0 flail
              (4 damage)
             ... on level 3 of the Dungeon.
             The game lasted 00:04:01 (3813 turns).

Gargoyl the Skirmisher (Centaur Abyssal Knight)     Turns: 3813, Time: 00:04:02

Health: -2/45      AC:  8    Str: 14    XL:     5   Next: 21%
Magic:  7/7        EV:  4    Int: 11    God:    Lugonu [**....]
Gold:   140        SH:  0    Dex: 10    Spells: 4/4 levels left

rFire    . . .     SeeInvis .   a - +1 hand axe
rCold    . . .     Gourm    .   (no shield)
rNeg     . . .     Faith    .   d - +1 chain mail
rPois    .         Spirit   .   (no helmet)
rElec    .         Reflect  .   (no cloak)
rCorr    .         Harm     .   (no gloves)
MR       .....                  (no barding)
Stlth    ..........             (no amulet)
HPRegen  0.15/turn              j - ring of flight
MPRegen  0.10/turn              (no ring)

@: heavily drained, very quick
A: large, hooves 3, deformed body, speed 2, tough skin 3
a: Depart the Abyss, Bend Space, Renounce Religion, Evoke Flight


You were on level 3 of the Dungeon.
You worshipped Lugonu.
Lugonu was pleased with you.
You were hungry.

You visited 1 branch of the dungeon, and saw 3 of its levels.
You visited the Abyss 1 time.

You collected 140 gold pieces.

Inventory:

Hand Weapons
 a - a +1 hand axe (weapon)
Missiles
 f - 4 steel javelins (quivered)
 g - 3 javelins
Armour
 d - a +1 chain mail (worn)
Jewellery
 j - a ring of flight (left hand)
Scrolls
 e - a scroll of magic mapping
 l - a scroll of identify
 m - a scroll of teleportation
Potions
 b - a potion of resistance
 h - a potion of cancellation {unknown}
 i - a potion of magic {unknown}
 k - a potion of berserk rage {unknown}
 o - a potion of brilliance {unknown}
Comestibles
 c - a ration


   Skills:
 + Level 3.6(2.3) Fighting
 + Level 2.4(1.2) Axes
 * Level 3.1(1.8) Armour
 + Level 1.0(0.0) Dodging
 * Level 2.7(1.4) Invocations


You had 4 spell levels left.
You didn't know any spells.
Your spell library contained the following spells:

 Spells                   Type           Power        Failure   Level  Hunger
 Beastly Appendage        Tmut           #.....       100%        1    ##.....
 Sticks to Snakes         Tmut           #.......     100%        2    ###....
 Spider Form              Tmut/Pois      #.........   100%        3    ####...
 Ice Form                 Ice/Tmut       #.......     100%        4    #####..
 Blade Hands              Tmut           #.........   100%        5    ######.


Dungeon Overview and Level Annotations

Branches:
Dungeon (3/15)

Altars:
Vehumet


Innate Abilities, Weirdness & Mutations

You have hooves in place of feet.
Armour fits poorly on your strangely shaped body.
You cover ground very quickly.
You have extremely tough skin. (AC +3)


Message History

You closely miss the orc.
The orc is heavily wounded.
You closely miss something. You hit the orc. You hit the orc but do no damage.
Something hits you but does no damage. The orc hits you but does no damage.
The orc barely misses you. The orc hits you but does no damage.
Something hits you but does no damage. The orc hits you with a dagger.
* * * LOW HITPOINT WARNING * * *
The orc hits you but does no damage.
Unknown command.
You hit the orc.
You kill the orc!
Lugonu accepts your kill.
You hit the orc but do no damage. You hit the orc. You barely miss the orc.
You closely miss something. Something hits you but does no damage.
The orc hits you but does no damage.
The orc hits you with a flail of draining.
* * * LOW HITPOINT WARNING * * *
You feel drained. Something hits you but does no damage.
The orc hits you with a flail.
You die...

#####
.....###########
.....<........[#
....?..(.?.....#
......o........#
......)@.......+
.##.#.{oo......#
#..)....(..# #
#########'##
.##.#####.....##
....................
###....<..####.##.##
#####.#.# .# #.###
%#


You could see 3 orcs.

Vanquished Creatures
  An iguana (D:2)
  4 gnolls (D:2)
  3 adders (D:2)
  A dart slug (D:1)
  3 leopard geckos
  3 orcs (D:3)
  3 ball pythons
  4 bats
  2 giant cockroaches
  7 goblins
  10 hobgoblins
  6 jackals
  6 kobolds
  A quokka (D:2)
  A frilled lizard (D:1)
  4 rats
59 creatures vanquished.

Vanquished Creatures (others)
  A jackal (D:2)
  A quokka (D:2)
  A frilled lizard (D:2)
  A rat (D:2)
  4 starspawn tentacles (Abyss:2)
8 creatures vanquished.

Grand Total: 67 creatures vanquished

Notes
Turn   | Place    | Note
-------+----------+-------------------------------------------
     0 | Abyss:1  | Gargoyl the Centaur Abyssal Knight began the quest for the
                  | Orb.
     0 | Abyss:1  | Reached XP level 1. HP: 19/19 MP: 2/2
    76 | Abyss:2  | Noticed a quasit
    97 | Abyss:2  | Noticed an apocalypse crab
    98 | Abyss:2  | Noticed a hungry ghost
   100 | Abyss:2  | Noticed a neqoxec
   115 | Abyss:2  | Noticed a tentacled starspawn
   116 | Abyss:2  | Noticed a small abomination
   118 | Abyss:2  | Noticed a large abomination
   133 | Abyss:2  | Noticed a small abomination
   143 | Abyss:2  | Noticed a worldbinder
   174 | Abyss:4  | Noticed a neqoxec
   175 | Abyss:4  | Noticed a tentacled starspawn
   177 | D:1      | Escaped the Abyss
   283 | D:1      | Reached * piety under Lugonu
   388 | D:1      | Reached XP level 2. HP: 24/26 MP: 3/3
   762 | D:1      | Reached XP level 3. HP: 27/31 MP: 4/4
  1563 | D:2      | Reached ** piety under Lugonu
  1574 | D:2      | Reached XP level 4. HP: 29/38 MP: 5/5
  2805 | D:2      | Reached XP level 5. HP: 9/45 MP: 6/6
  3395 | D:2      | Found a radiant altar of Vehumet.
  3804 | D:3      | Reached skill level 1 in Dodging
  3812 | D:3      | HP: 2/45 [orc/dagger (2)]
  3813 | D:3      | Slain by an orc

Skill      XL: |  1  2  3  4  5 |
---------------+----------------+-----
Axes           | 2 |  2.4
Armour         | 2 3 |  3.1
Dodging        | 1 |  1.0
Fighting       | |  3.6
Invocations    | |  2.7

Action                   |  1- 3 |  4- 6 || total
-------------------------+-------+-------++-------
Melee: Hand axe          |   125 |    95 ||   220
       Kick              |    12 |    19 ||    31
Throw: Javelin           |       |     4 ||     4
Invok: Depart the Abyss  |     1 |       ||     1
  Use: Potion            |     1 |       ||     1
       Scroll            |       |     7 ||     7
  Eat: Chunk             |     1 |     6 ||     7
Armor: Chain mail        |   140 |    60 ||   200
Dodge: Dodged            |    30 |    22 ||    52
